 Dungeon Crawl Stone Soup version 0.19.5 (console) character file.

222 Grinner the Ducker (level 5, 0/27 HPs)
             Began as a Spriggan Fighter on Mar 4, 2017.
             Succumbed to a worker ant's poison
             ... on level 3 of the Dungeon.
             The game lasted 00:04:29 (3721 turns).

Grinner the Ducker (Spriggan Fighter)               Turns: 3721, Time: 00:04:29

Health: 0/27       AC:  2    Str: 13    XL:     5   Next: 66%
Magic:  6/6        EV: 19    Int: 10    God:
Gold:   96         SH:  7    Dex: 15    Spells: 0 memorised, 4 levels left

rFire  . . .     SeeInvis +     a - +0 rapier
rCold  . . .     Gourm    .     b - +0 robe
rNeg   . . .     Faith    .     c - +0 buckler
rPois  .         Spirit   .     (helmet restricted)
rElec  .         Reflect  .     (no cloak)
rCorr  .         Harm     .     (gloves unavailable)
MR     +....                    (boots unavailable)
Stlth  +++.......               (no amulet)
                                (no ring)
                                m - ring of protection from magic

@: lethally poisoned (0 -> -13), very quick
A: unfitting armour, see invisible, herbivore 3, speed 3, slow metabolism 2
a: no special abilities


You were on level 3 of the Dungeon.
You were hungry.

You visited 1 branch of the dungeon, and saw 3 of its levels.

You collected 96 gold pieces.

Inventory:

Hand Weapons
 a - a +0 rapier (weapon)
Armour
 b - a +0 robe (worn)
 c - a +0 buckler (worn)
Jewellery
 m - a ring of protection from magic (left hand)
Scrolls
 d - 5 scrolls of remove curse {unknown}
 g - 2 scrolls of amnesia {unknown}
 h - 2 scrolls of fog {unknown}
 i - a scroll of random uselessness {unknown}
 j - a scroll of enchant weapon {unknown}
 k - a scroll of enchant armour {unknown}
 l - a scroll of fear {unknown}
 n - 6 scrolls of identify {unknown}
 p - a scroll of teleportation {unknown}
Potions
 e - a potion of brilliance
Comestibles
 f - 2 bread rations


   Skills:
 - Level 2.4 Fighting
 + Level 3.5 Short Blades
 - Level 4.4 Dodging
 + Level 4.0 Stealth
 * Level 3.8 Shields


You had 4 spell levels left.
You didn't know any spells.

Dungeon Overview and Level Annotations

Branches:
Dungeon (3/15)

Altars:
Sif Muna


Innate Abilities, Weirdness & Mutations

You are very small and have problems with some larger weapons.
You are too small for most types of armour.
You have supernaturally acute eyesight. (SInv)
You are a herbivore.
You cover ground extremely quickly.
You need consume almost no food.


Message History

The worker ant closely misses you.
You hit the worker ant but do no damage.
The worker ant is severely wounded.
The worker ant bites you.
You are poisoned.
The worker ant poisons you!
You barely miss the worker ant.
The worker ant is severely wounded.
You feel sick. The worker ant bites you.
* * * LOW HITPOINT WARNING * * *
You hit the worker ant.
The worker ant is severely wounded.
The worker ant bites you.
* * * LOW HITPOINT WARNING * * *
You are more poisoned.
The worker ant poisons you!
* * * LOW HITPOINT WARNING * * *
You feel sick.
The worker ant waves its antennae.
You die...

...# #####o.## ...# #.......# ...
#.......# #)# #.......# #.######
#.......# #.w....# #.......#
######.# #.......#
#.#.##########.......#######
#.#......a.@................
#.##################..#####. #.#
##### ##.####.. #.# #...#
#....#.. #.# #.#.####### ##...#..
#####.# ##+#.#.....# #...#..
#.....#####....#.###.#####...#..
#....(......)..#.###......#'##..
##......###..)...<..#......#.##..


You could see a worker ant.

Vanquished Creatures
  A centaur (D:3)
  6 adders
  An ooze (D:3)
  A worm (D:2)
  A dart slug (D:1)
  2 leopard geckos
  4 orcs (D:3)
  3 giant cockroaches
  10 goblins
  7 hobgoblins
  8 jackals
  3 quokkas
  5 bats
  6 frilled lizards
  4 kobolds
  10 rats
72 creatures vanquished.

Notes
Turn   | Place    | Note
-------+----------+-------------------------------------------
     0 | D:1      | Grinner the Spriggan Fighter began the quest for the Orb.
     0 | D:1      | Reached XP level 1. HP: 11/11 MP: 2/2
   362 | D:1      | Reached XP level 2. HP: 14/16 MP: 3/3
   420 | D:1      | Reached skill level 1 in Stealth
  1365 | D:2      | Reached XP level 3. HP: 16/19 MP: 4/4
  1844 | D:2      | Reached XP level 4. HP: 20/23 MP: 5/5
  2250 | D:2      | Found a deep blue altar of Sif Muna.
  3239 | D:3      | Reached XP level 5. HP: 27/27 MP: 6/6
  3384 | D:3      | Noticed a centaur
  3393 | D:3      | Killed a centaur
  3720 | D:3      | HP: 1/27 [poisoned by a worker ant]
  3721 | D:3      | Succumbed to a worker ant's poison

Skill      XL: |  1  2  3  4  5 |
---------------+----------------+-----
Stealth        | 1 2 3 4 |  4.0
Shields        | 3 |  3.8
Short Blades   | 3 |  3.5
Fighting       | |  2.4
Dodging        | |  4.4

Action                   |  1- 3 |  4- 6 || total
-------------------------+-------+-------++-------
Melee: Rapier            |   114 |   151 ||   265
  Use: Potion            |     4 |     2 ||     6
 Stab: Sleeping          |     7 |     3 ||    10
Armor: Robe              |     9 |     6 ||    15
       Skin              |     2 |     6 ||     8
Dodge: Dodged            |   100 |    98 ||   198
Block: Buckler           |    39 |    47 ||    86
